 Dungeon Crawl Stone Soup version 0.29.1-15-g9cfb28693d (webtiles) character file.

Game seed: 1570062405827513259

15 Arctor the Magician (level 2, 0/20 HPs)
             Began as a Demonspawn Hedge Wizard on Feb 24, 2023.
             Succumbed to an adder's poison
             ... on level 1 of the Dungeon.
             The game lasted 00:01:42 (1000 turns).

Arctor the Magician (Demonspawn Hedge Wizard)       Turns: 1000, Time: 00:01:42

Health: 0/20       AC:  2    Str: 10    XL:     2   Next: 34%
Magic:  4/6        EV: 12    Int: 15    God:
Gold:   59         SH:  0    Dex: 12    Spells: 4/7 levels left

rFire   . . .      SeeInvis .   a - +0 dagger
rCold   . . .      Faith    .   (no shield)
rNeg    . . .      Spirit   .   b - +0 robe
rPois   .          Reflect  .   c - +0 hat
rElec   .          Harm     .   (no cloak)
rCorr   .          Rampage  .   (no gloves)
Will    .....                   (no boots)
Stlth   ++........              (no amulet)
HPRegen 0.06/turn               (no ring)
MPRegen 0.10/turn               (no ring)

@: lethally poisoned (0 -> -1), very slightly contaminated
A: powered by pain 1
a: no special abilities


You were on level 1 of the Dungeon.
You visited 1 branch of the dungeon, and saw 2 of its levels.

You collected 59 gold pieces.

Inventory:

Hand Weapons
 a - a +0 dagger (weapon)
Armour
 b - a +0 robe (worn)
 c - a +0 hat (worn)
Potions
 d - a potion of magic
 e - a potion of curing {unknown}


   Skills:
 + Level 0.3 Fighting
 + Level 0.1 Short Blades
 + Level 2.0 Dodging
 + Level 2.0 Stealth
 + Level 3.1 Spellcasting
 + Level 1.3 Conjurations
 - Level 1.0 Summonings
 - Level 1.0 Translocations


You had 4 spell levels left.
You knew the following spells:

 Your Spells              Type           Power      Damage    Failure   Level
a - Magic Dart            Conj           24%        1d4       12%         1
b - Blink                 Tloc           10%        N/A       21%         2

Your spell library contained the following spells:

 Spells                   Type           Power      Damage    Failure   Level
 Call Imp                 Summ           5%         N/A       19%         2
 Slow                     Hex            8%         N/A       21%         1
 Conjure Flame            Conj/Fire      4%         6-21      41%         3
 Mephitic Cloud           Conj/Pois/Air  3%         N/A       45%         3


Dungeon Overview and Level Annotations

Branches:
Dungeon (2/15)

Altars:

Shops:
D:1 :


Innate Abilities, Weirdness & Mutations

You sometimes gain a little power by taking damage.


Message History

An adder is nearby!
Casting: Magic Dart (safe; 12% risk of failure)
Confirm with . or Enter, or press ? or * to list all spells.
Aiming: Magic Dart (safe; 12% risk of failure)
Press: ? - help, Shift-Dir - straight line, f - adder
Aim: an adder (asleep, 100% to hit)
The magic dart hits the adder but does no damage.
The adder hisses angrily.
An endoplasm comes into view.
Casting: Magic Dart (safe; 12% risk of failure)
Confirm with . or Enter, or press ? or * to list all spells.
Aiming: Magic Dart (safe; 12% risk of failure)
Press: ? - help, Shift-Dir - straight line, f/p - adder
Aim: an adder (100% to hit)
You miscast Magic Dart.
You are very lightly contaminated with residual magic.
Nothing appears to happen.
The adder bites you.
You are poisoned.
The adder poisons you! The adder closely misses you.
An endoplasm comes into view.
Casting: Magic Dart (safe; 12% risk of failure)
Confirm with . or Enter, or press ? or * to list all spells.
Aiming: Magic Dart (safe; 12% risk of failure)
Press: ? - help, Shift-Dir - straight line, f/p - adder
Aim: an adder (100% to hit)
You miscast Magic Dart.
Nothing appears to happen.
You feel sick. The adder barely misses you. The endoplasm freezes you.
You are frozen.
The endoplasm attacks as you move away! The endoplasm hits you.
You feel sick.
You feel sick. The adder bites you. The adder attacks as you move away!
The adder bites you but does no damage.
You feel sick.
You feel sick.
There is a stone staircase leading up here.
You feel sick. The adder bites you.
* * * LOW HITPOINT WARNING * * *
The adder closely misses you.
You climb upwards.
You die...

.###### #................#
.....># #)...............#
..###.####...........#.#####
###........................####
#..##.####..........#.####....###
.###.....#.........)#.# ####....
##....................# #....
..#####.#........S....#######....
### #..####...@...#............
.######..###..##.##.#########....
#..##........###.##.# #....
###...##..#### #.##.# #....
########..# ####.##.# #######
.### #.## #.......# #......
...#####.####.......# #......
.........#..........# ###.>....
##.........##.......# #........


You could see an adder.

Vanquished Creatures
  2 bats (D:1)
  4 endoplasms (D:1)
  3 goblins (D:1)
  A ball python (D:1)
  3 frilled lizards (D:1)
  A rat (D:1)
14 creatures vanquished.

Vanquished Creatures (others)
  3 plants (D:1)
3 creatures vanquished.

Grand Total: 17 creatures vanquished

Notes
Turn   | Place    | Note
-------+----------+-------------------------------------------
     0 | D:1      | Arctor the Demonspawn Hedge Wizard began the quest for the
                  | Orb.
     0 | D:1      | Reached XP level 1. HP: 13/13 MP: 4/4
    89 | D:1      | Reached skill level 1 in Translocations
   333 | D:1      | Gained mutation: You sometimes gain a little power by
                  | taking damage. [demonic ancestry]
   333 | D:1      | Reached XP level 2. HP: 19/19 MP: 1/6
   561 | D:1      | Found Dorid's Book Shop.
   723 | D:1      | Learned a level 2 spell: Blink
   999 | D:2      | HP: 1/20 [adder (3)]
  1000 | D:1      | Succumbed to an adder's poison

Illustrated notes

Levels and vault maps discovered:
D:1:      scummos_arrival_hexagon, layout_rooms, serial_shops, shop_statue,
          chequers_big_river, grunt_decor_clamped
D:2:      layout_loops_corners, minmay_small_reverse_x

Skill      XL: |  1  2 |
---------------+-------+-----
Translocations | 1 |  1.0
Stealth        | 2 |  2.0
Dodging        | 2 |  2.0
Fighting       | |  0.3
Short Blades   | |  0.1
Spellcasting   | |  3.1
Conjurations   | |  1.3
Summonings     | |  1.0

Action                   || total
-------------------------++-------
Melee: Dagger            ||     6
 Cast: Magic Dart        ||    24
Armor: Robe              ||    13
Dodge: Dodged            ||    27
